Map: Eternal Empire LE

Players

IIIIIIIIIIII - Winner!

  • Race: Terran Terran
  • League: Master
  • Spawn Location: 1:00

Marsman

  • Race: Protoss Protoss
  • League: Grandmaster
  • Spawn Location: 7:00

VOD

Have the link to the VOD?

Description

Time

  • Played on: Dec. 11, 2019, 8:15 a.m.
  • Length: 15:45
Show
View Real Time Build Order
Export as new Build Order

IIIIIIIIIIII Terran - Winner!

Build Orders: Reaper Expand 

Get SALT Encoding   

  12  0:00  SCV  
  13  0:13  SCV  
  14  0:18  Supply Depot  
  14  0:25  SCV  
  15  0:39  SCV  
  15  0:40  Barracks  
  16  0:44  Refinery  
  16  0:51  SCV  
  17  1:03  SCV  
  18  1:15  SCV  
  19  1:28  Orbital Command, Reaper  
  20  1:45  Command Center  
  20  1:53  Supply Depot  
  20  1:54  SCV  
  20  2:00  Marine  
  22  2:06  SCV  
  23  2:11  Factory  
  23  2:18  Refinery  
  23  2:21  SCV  
  24  2:23  Barracks Reactor  
  24  2:29  Bunker  
  24  2:33  SCV  
  25  2:45  SCV  
  26  2:55  Starport  
  26  2:56  Orbital Command  
  26  2:58  Marine  
  26  3:01  Widow Mine  
  26  3:03  SCV  
  30  3:06  Marine  
  31  3:15  SCV  
  32  3:21  Marine  
  32  3:23  SCV  
  32  3:24  Marine  
  32  3:25  Factory Tech Lab  
  35  3:27  SCV  
  35  3:33  Supply Depot  
  36  3:35  SCV  
  36  3:38  Marine  
  36  3:39  SCV  
  39  3:41  Marine  
  39  3:47  SCV  
  40  3:49  Raven, Barracks  
  40  3:55  SCV  
  43  3:56  Supply Depot  
  43  3:57  Factory Tech Lab  
  43  3:59  SCV  
  43  4:00  Marine x2  
  46  4:09  Barracks  
  46  4:13  SCV x2  
  48  4:19  Supply Depot  
  48  4:22  Refinery  
  48  4:23  Marine  
  48  4:24  Marine  
  50  4:25  SCV  
  50  4:29  SCV  
  52  4:32  Engineering Bay  
  52  4:36  Widow Mine  
  54  4:39  SCV  
  54  4:41  SCV  
  54  4:44  Marine x2  
  54  4:45  Stimpack, Marauder  
  60  4:46  Starport Reactor  
  60  4:49  Supply Depot  
  60  4:51  SCV  
  61  4:53  SCV  
  61  4:58  Terran Infantry Weapons Level 1  
  62  5:02  Marine x2  
  62  5:05  Marauder  
  62  5:06  Combat Shield, Marauder  
  68  5:09  SCV x2  
  68  5:13  Supply Depot  
  70  5:14  Refinery  
  70  5:17  Widow Mine  
  70  5:20  Marine  
  73  5:22  SCV x2  
  73  5:27  Medivac  
  77  5:32  Supply Depot  
  77  5:34  Medivac  
  79  5:35  Marine, Supply Depot  
  79  5:38  Marauder, Marine  
  79  5:41  Marauder  
  83  5:42  Factory Reactor  
  83  5:49  Supply Depot  
  83  5:53  Marine  
  83  5:55  Marine  
  85  6:05  Marauder x2  
  85  6:07  SCV x2  
  91  6:11  Marine  
  91  6:13  Medivac x2, Marine  
  97  6:19  Command Center  
  97  6:22  Widow Mine x2  
  97  6:24  Concussive Shells  
  101  6:28  Marauder x2  
  101  6:29  Marine  
  101  6:31  Marine  
  107  6:33  SCV x2  
  107  6:35  Supply Depot  
  109  6:50  Marine, Barracks  
  109  6:52  Barracks  
  110  6:56  Marine, SCV x2  
  110  6:57  Marauder x2  
  110  7:00  Supply Depot  
  117  7:07  Viking  
  117  7:10  SCV  
  118  7:21  Viking  
  118  7:22  SCV x2, Terran Infantry Armor Level 1  
  122  7:24  Supply Depot  
  122  7:25  Marine x2  
  122  7:26  Marauder x2  
  128  7:36  SCV  
  65  7:37  Viking  
  129  7:40  SCV  
  122  7:51  Viking  
  122  7:53  SCV x2  
  122  7:54  Orbital Command  
  122  7:56  Barracks Tech Lab  
  122  7:57  Marine x2  
  122  7:58  Marauder x2  
  132  8:06  SCV x2, Supply Depot  
  132  8:07  Viking  
  132  8:10  Refinery  
  132  8:11  Refinery  
  134  8:15  Marine x2  
  134  8:18  SCV x2  
  134  8:19  Marine x2  
  140  8:21  Viking  
  140  8:23  SCV  
  143  8:27  Supply Depot x2  
  143  8:30  SCV  
  143  8:32  Supply Depot  
  143  8:33  Marine x2, Supply Depot  
  146  8:37  Viking  
  146  8:38  Marine x2  
  150  8:42  Marauder x2, Ghost Academy  
  150  8:44  Marauder  
  156  8:51  SCV x3, Viking  
  156  8:54  Armory  
  161  8:57  Engineering Bay  
  161  9:05  Marine x4  
  161  9:07  Viking  
  161  9:08  Marauder  
  171  9:10  Marauder  
  171  9:18  SCV  
  171  9:20  SCV  
  171  9:21  SCV, Viking  
  173  9:26  Ghost  
  173  9:28  Ghost  
  173  9:30  SCV, Ghost  
  176  9:32  Marine x3, SCV  
  176  9:34  SCV  
  179  9:42  Enhanced Shockwaves, SCV  
  179  9:44  SCV  
  179  9:45  Terran Infantry Weapons Level 2  
  181  9:46  Terran Infantry Armor Level 2, SCV  
  181  9:49  Marine  
  179  10:05  Marine  
  179  10:06  Marauder  
  168  10:12  Marine x3  
  168  10:13  Marine, Marauder  
  160  10:18  Command Center  
  148  10:23  Marine, SCV x2  
  148  10:27  Marauder  
  134  10:31  Terran Ship Weapons Level 1, Marauder  
  134  10:32  Marine x3  
  134  10:34  Viking  
  134  10:35  Viking  
  143  10:41  Marine  
  144  10:46  SCV  
  144  10:49  Marine  
  145  10:50  Marine x2  
  145  10:51  Widow Mine  
  145  10:54  Barracks  
  145  10:55  Barracks  
  150  10:57  Barracks  
  150  10:59  Marine  
  151  11:07  Marine x2  
  151  11:08  Medivac x2, Marine, Marauder x3  
  151  11:09  Missile Turret  
  163  11:13  SCV  
  163  11:17  Marine, SCV  
  163  11:23  SCV  
  163  11:25  Marine x2  
  163  11:26  SCV  
  161  11:34  Marine  
  161  11:36  Marine  
  161  11:43  Marine  
  161  11:46  Barracks Reactor, Marine, Barracks Tech Lab  
  161  11:47  Barracks Tech Lab  
  151  11:48  SCV x2  
  151  11:50  Ghost x3  
  151  11:52  Marine  
  151  11:54  Medivac x2, Marine  
  160  12:01  Marine, SCV x3  
  168  12:03  Planetary Fortress  
  169  12:08  Marine  
  169  12:09  Marine  
  169  12:10  Marauder, Marine  
  169  12:11  Marine  
  169  12:14  SCV  
  169  12:15  SCV  
  164  12:18  Marine  
  164  12:21  Marine x2  
  164  12:22  Marauder  
  167  12:24  Viking  
  167  12:26  Marine x2  
  167  12:27  Marauder  
  173  12:34  Marauder  
  167  12:41  Marine, Marauder  
  167  12:45  SCV  
  167  12:47  Viking  
  167  12:49  Supply Depot  
  164  12:56  SCV x2  
  164  13:02  Viking  
  166  13:05  Terran Infantry Weapons Level 3  
  166  13:11  SCV  
  166  13:12  SCV x2  
  169  13:19  Unknown  
  169  13:23  Viking  
  171  13:28  Personal Cloaking  
  171  13:32  Viking  
  173  13:41  Marine  
  173  13:42  Marine  
  173  13:43  Marine x2  
  173  13:44  Marauder x2  
  173  13:47  Marauder  
  182  13:50  Marine, Marauder  
  182  13:53  Viking  
  182  13:54  Marine  
  182  13:55  Marauder  
  189  14:02  Viking  
  191  14:05  Marauder  
  191  14:06  Marine, Marauder  
  193  14:20  Sensor Tower  
  193  14:23  Viking  
  193  14:31  Viking  
  192  14:43  Marine x2, Marauder  
  192  14:44  Marauder  
  189  14:46  Marine, Marauder  
  189  14:59  Marine  
  150  15:00  Marauder, SCV x3  
  150  15:01  Marine  
  150  15:02  Marauder  
  150  15:03  Marine  
  150  15:05  Marauder x2, Marine x3  
  144  15:12  SCV x3  
  142  15:24  Marine x2, SCV x3  
Show
View Real Time Build Order
Export as new Build Order

Marsman Protoss 

Build Orders: 1 Gate Expand, Blink Stalkers, Colossus Rush 

Get SALT Encoding   

  12  0:00  Probe  
  13  0:12  Probe  
  14  0:20  Pylon  
  14  0:24  Probe  
  15  0:38  Probe (Chrono Boost)  
  15  0:40  Gateway  
  16  0:44  Assimilator  
  17  0:50  Probe (Chrono Boost)  
  17  0:57  Probe (Chrono Boost)  
  18  1:04  Probe  
  19  1:16  Probe  
  20  1:23  Nexus  
  20  1:34  Cybernetics Core  
  20  1:37  Probe  
  21  1:43  Assimilator  
  21  1:49  Probe  
  21  1:54  Pylon  
  22  2:01  Probe  
  23  2:09  Adept (Chrono Boost)  
  23  2:12  Warp Gate  
  23  2:13  Probe  
  26  2:22  Twilight Council  
  26  2:31  Probe, Stalker  
  29  2:37  Probe  
  29  2:43  Probe  
  31  2:49  Probe (Chrono Boost)  
  32  2:55  Probe (Chrono Boost)  
  32  2:57  Blink (Chrono Boost)  
  33  3:02  Probe (Chrono Boost)  
  35  3:06  Probe (Chrono Boost)  
  35  3:08  Probe (Chrono Boost)  
  35  3:10  Probe (Chrono Boost)  
  37  3:16  Probe  
  38  3:21  Probe  
  39  3:28  Probe  
  39  3:30  Robotics Facility  
  39  3:33  Probe  
  41  3:35  Assimilator  
  41  3:39  Assimilator  
  41  3:40  Probe  
  42  3:45  Probe  
  42  3:46  Pylon  
  43  3:52  Probe  
  44  3:57  Probe  
  45  4:04  Probe  
  45  4:05  Stalker  
  45  4:09  Pylon x2  
  49  4:10  Probe, Pylon  
  49  4:16  Probe  
  51  4:17  Observer (Chrono Boost)  
  51  4:21  Robotics Bay  
  51  4:22  Probe, Forge  
  52  4:28  Probe  
  52  4:30  Observer (Chrono Boost), Stalker  
  55  4:34  Probe  
  57  4:40  Probe  
  57  4:43  Gateway  
  58  4:46  Probe, Gateway  
  58  4:51  Observer  
  60  4:53  Protoss Ground Armor Level 1 (Chrono Boost)  
  60  4:57  Charge  
  60  4:59  Stalker  
  62  5:04  Pylon  
  62  5:05  Probe  
  63  5:11  Probe  
  63  5:12  Colossus (Chrono Boost)  
  64  5:18  Probe  
  71  5:23  Probe  
  71  5:25  Extended Thermal Lance  
  72  5:35  Nexus  
  72  5:38  Pylon  
  72  5:39  Probe  
  73  5:51  Probe  
  73  5:53  Pylon  
  73  5:55  Colossus (Chrono Boost)  
  80  6:00  Sentry x2  
  82  6:06  Gateway  
  82  6:09  Gateway  
  82  6:11  Gateway  
  82  6:12  Gateway  
  82  6:16  Gateway  
  82  6:19  Sentry  
  82  6:23  Probe  
  82  6:24  Probe  
  86  6:31  Stalker, Sentry  
  89  6:35  Probe  
  89  6:36  Probe  
  89  6:38  Colossus  
  97  6:44  Pylon  
  97  6:49  Zealot  
  98  6:54  Observer  
  98  6:57  Zealot x2  
  98  7:10  Stalker x3  
  98  7:11  Zealot x2  
  106  7:17  Zealot x3  
  106  7:19  Probe x3  
  115  7:31  Probe x2  
  113  7:44  Protoss Ground Weapons Level 1 (Chrono Boost)  
  113  7:45  Probe  
  113  7:46  Stalker x3  
  113  7:47  Zealot, Stalker  
  113  7:49  Probe  
  125  7:55  Observer  
  124  7:59  Assimilator  
  124  8:00  Pylon  
  124  8:01  Assimilator, Pylon  
  124  8:03  Pylon  
  124  8:10  Templar Archives  
  124  8:11  Forge  
  124  8:13  Gateway  
  124  8:15  Probe  
  124  8:21  Warp Prism (Chrono Boost)  
  124  8:23  Probe  
  124  8:24  Probe  
  128  8:28  Psionic Storm  
  128  8:29  Protoss Ground Armor Level 2 (Chrono Boost)  
  128  8:33  Zealot x4  
  136  8:35  Probe  
  136  8:36  Probe  
  136  8:38  Observer  
  138  8:41  Pylon  
  138  8:43  Pylon  
  138  8:44  Pylon  
  138  8:52  High Templar  
  138  8:53  High Templar x2  
  144  9:02  Zealot x2, High Templar  
  144  9:03  Zealot x2  
  152  9:14  Nexus  
  152  9:19  Archon  
  152  9:22  Archon, High Templar  
  152  9:23  Zealot x4  
  160  9:31  Zealot x3  
  162  9:36  Protoss Ground Weapons Level 2 (Chrono Boost)  
  157  9:46  High Templar x2  
  157  9:47  Zealot x3  
  157  9:50  Archon  
  167  9:54  Nexus  
  133  10:13  Zealot x7  
  118  10:21  Colossus (Chrono Boost)  
  118  10:26  Zealot x2  
  122  10:32  Pylon  
  122  10:34  High Templar  
  122  10:35  Assimilator, Zealot x4, High Templar x2  
  130  10:40  Assimilator  
  136  10:51  Probe x3  
  139  10:58  Zealot x6  
  139  11:03  Probe  
  152  11:04  Protoss Ground Armor Level 3 (Chrono Boost)  
  152  11:12  Colossus (Chrono Boost)  
  152  11:32  Zealot x5, Stalker x3  
  160  11:33  Zealot  
  166  11:44  Protoss Ground Weapons Level 3 (Chrono Boost)  
  156  11:52  Zealot x3  
  162  11:55  High Templar x3  
  162  11:56  Zealot x3  
  162  12:00  Archon  
  172  12:16  Colossus (Chrono Boost), Zealot x6  
  186  12:33  Pylon  
  166  12:45  Zealot  
  166  12:46  Stalker x2  
  166  12:47  Zealot x6  
  172  12:59  Colossus (Chrono Boost)  
  172  13:02  Nexus, Pylon  
  172  13:04  Robotics Facility  
  178  13:08  High Templar x4  
  178  13:09  High Templar x2  
  178  13:12  Archon x2  
  190  13:13  Archon  
  186  13:35  Zealot x3  
  192  13:46  Colossus  
  189  13:57  Zealot x6  
  196  14:22  Zealot x2  
  194  14:56  Zealot x9  
  112  15:16  Stalker x4  
  112  15:17  Stalker x5  
  106  15:39  Zealot x4  
  106  15:40  Zealot x5  
Tags
 
Add a new tag
Caveats
  • Supply blocks, unpowered buildings, or Contaminate may cause inaccurate times.
  • Supply counts are checked every 10 seconds.